 Dungeon Crawl Stone Soup version 0.20.1-1-g8b1a95d66d (webtiles) character file.

35 Hvezdomuz the Insei (level 3, 0/20 HPs)
             Began as a Tengu Transmuter on Dec 3, 2017.
             Succumbed to an adder's poison
             ... on level 2 of the Dungeon.
             The game lasted 00:07:42 (1759 turns).

Hvezdomuz the Insei (Tengu Transmuter)              Turns: 1759, Time: 00:07:43

Health: 0/20       AC:  2    Str: 10    XL:     3   Next: 33%
Magic:  0/7        EV: 13    Int: 13    God:
Gold:   112        SH:  0    Dex: 15    Spells: 0/6 levels left

rFire    . . .     SeeInvis .     - Unarmed
rCold    . . .     Gourm    .   (no shield)
rNeg     . . .     Faith    .   b - +0 robe
rPois    .         Spirit   .   (helmet restricted)
rElec    .         Reflect  .   (no cloak)
rCorr    .         Harm     .   (no gloves)
MR       .....                  (boots unavailable)
Stlth    ++........             (no amulet)
Regen    0.1/turn               (no ring)
MPRegen  0.1/turn               (no ring)

@: lethally poisoned (0 -> -7), very slightly contaminated, hasted, very quick
A: beak, talons 3
a: no special abilities


You were on level 2 of the Dungeon.
You were very hungry.

You visited 1 branch of the dungeon, and saw 2 of its levels.

You collected 112 gold pieces.

Inventory:

Missiles
 a - 12 arrows
 o - 14 poisoned needles (quivered)
Armour
 b - a +0 robe (worn)
Jewellery
 g - an uncursed ring of ice {unknown}
Scrolls
 e - 2 scrolls of remove curse {unknown}
 h - 2 scrolls of fog {unknown}
 i - 4 scrolls of identify {unknown}
 j - a scroll of enchant armour {unknown}
 k - a scroll of teleportation {unknown}
 l - a scroll of magic mapping {unknown}
 m - a scroll of recharging {unknown}
 p - 3 scrolls of enchant weapon {unknown}
Books
 c - a book of Changes

   Spells                             Type                      Level
   a - Beastly Appendage              Transmutation                1
   b - Sticks to Snakes               Transmutation                2
   c - Spider Form                    Transmutation/Poison         3
   d - Ice Form                       Ice/Transmutation            4
   e - Blade Hands                    Transmutation                5
Comestibles
 d - 2 bread rations
 f - a royal jelly


   Skills:
 + Level 1.0 Fighting
 + Level 2.3 Dodging
 + Level 0.4 Stealth
 + Level 4.0 Unarmed Combat
 + Level 2.3 Spellcasting
 + Level 1.9 Transmutations


You couldn't memorise any spells.
You knew the following spells:

 Your Spells              Type           Power        Failure   Level  Hunger
a - Beastly Appendage     Tmut           #.....       11%         1    #......
b - Sticks to Snakes      Tmut           #.......     17%         2    ###....
c - Spider Form           Tmut/Pois      #.........   45%         3    ###....


Dungeon Overview and Level Annotations

Branches:
Dungeon (2/15)

Altars:
Qazlal


Innate Abilities, Weirdness & Mutations

You have a beak for a mouth.
You have claws for feet.


Message History

Confirm with . or Enter, or press ? or * to list all spells.
You miscast Spider Form.
You are very lightly contaminated with residual magic.
You smell something strange.
You are feeling very hungry.
The adder barely misses you.
Casting: Spider Form
Confirm with . or Enter, or press ? or * to list all spells.
You miscast Spider Form.
Your skin glows momentarily.
The adder bites you but does no damage.
Casting: Spider Form
Confirm with . or Enter, or press ? or * to list all spells.
You don't have enough magic to cast that spell.
Casting: Spider Form
Confirm with . or Enter, or press ? or * to list all spells.
You miscast Beastly Appendage.
Nothing appears to happen.
* * * LOW HITPOINT WARNING * * *
You feel sick. The adder bites you.
* * * LOW HITPOINT WARNING * * *
You die...

#......'.........
########......#
#.#...........#
#...s.........#
#.##b###......#
#.S.........#
#..##.#+#...#
#..##.# .....
#.@##. ...###
#.....# .#.#
#..(......
#######.#. #


You could see an adder, a giant cockroach and a bat.

Vanquished Creatures
  A dart slug (D:1)
  2 leopard geckos (D:1)
  2 bats (D:2)
  3 giant cockroaches
  4 hobgoblins
  2 kobolds
  2 ball pythons (D:2)
  2 frilled lizards (D:1)
  6 goblins
  3 rats (D:2)
27 creatures vanquished.

Notes
Turn   | Place    | Note
-------+----------+-------------------------------------------
     0 | D:1      | Hvezdomuz the Tengu Transmuter began the quest for the Orb.
     0 | D:1      | Reached XP level 1. HP: 12/12 MP: 4/4
   491 | D:1      | Reached XP level 2. HP: 16/16 MP: 4/6
   495 | D:1      | Learned a level 2 spell: Sticks to Snakes
  1041 | D:1      | Found a stormy altar of Qazlal.
  1339 | D:2      | Reached XP level 3. HP: 20/20 MP: 5/7
  1368 | D:2      | Learned a level 3 spell: Spider Form
  1544 | D:2      | Reached skill level 4 in Unarmed Combat
  1756 | D:2      | HP: 1/20 [adder (2)]
  1759 | D:2      | Succumbed to an adder's poison

Skill      XL: |  1  2  3 |
---------------+----------+-----
Unarmed Combat | 4 |  4.0
Fighting       | |  1.0
Dodging        | |  2.3
Stealth        | |  0.4
Spellcasting   | |  2.3
Transmutations | |  1.9

Action                   || total
-------------------------++-------
Melee: Unarmed           ||    60
       Headbutt          ||     9
       Kick              ||    13
       Peck              ||     7
 Cast: Beastly Appendage ||    19
  Use: Potion            ||     1
 Stab: Sleeping          ||     2
  Eat: Chunk             ||     2
Armor: Robe              ||     9
Dodge: Dodged            ||    42
